 Dungeon Crawl Stone Soup version 0.21-a0-529-g8c7b3f5 (webtiles) character file.

39 Amnesiac the Grave Robber (level 3, 0/22 HPs)
             Began as a Deep Elf Necromancer on Dec 10, 2017.
             Succumbed to an adder's poison
             ... on level 2 of the Dungeon.
             The game lasted 00:00:44 (1191 turns).

Amnesiac the Grave Robber (Deep Elf Necromancer)    Turns: 1191, Time: 00:00:44

Health: 0/22       AC:  2    Str:  5    XL:     3   Next: 26%
Magic:  3/9        EV: 13    Int: 20    God:
Gold:   66         SH:  0    Dex: 15    Spells: 7/8 levels left

rFire    + . .     SeeInvis .   (no weapon)
rCold    + . .     Gourm    .   (no shield)
rNeg     . . .     Faith    .   a - +0 robe
rPois    +         Spirit   .   (no helmet)
rElec    +         Reflect  .   (no cloak)
rCorr    +         Harm     .   (no gloves)
MR       .....                  (no boots)
Stlth    ++........             (no amulet)
HPRegen  0.07/turn              (no ring)
MPRegen  0.11/turn              (no ring)

@: lethally poisoned (0 -> -4), resistant
A: no striking features
a: no special abilities


You were on level 2 of the Dungeon.
You were not hungry.

You visited 1 branch of the dungeon, and saw 2 of its levels.

You collected 66 gold pieces.

Inventory:

Missiles
 g - 8 sling bullets
 k - 4 stones (quivered)
Armour
 a - a +0 robe (worn)
Scrolls
 d - 2 scrolls of immolation {!r, unknown}
 e - a scroll of blinking {!r, unknown}
 f - 2 scrolls of teleportation {!r, unknown}
 i - 3 scrolls of remove curse {!r, unknown}
 j - a scroll of identify {!r, unknown}
Potions
 h - a potion of resistance {!q}
Books
 b - a book of Necromancy

   Spells                             Type                      Level
   a - Pain                           Necromancy                   1
   b - Animate Skeleton               Necromancy                   1
   c - Vampiric Draining              Necromancy                   3
   d - Regeneration                   Charms/Necromancy            3
   e - Animate Dead                   Necromancy                   4
   f - Control Undead                 Necromancy                   4
Comestibles
 c - a bread ration


   Skills:
 * Level 2.4 Fighting
 + Level 2.4 Dodging
 - Level 2.4 Stealth
 - Level 3.0 Spellcasting
 - Level 4.8 Necromancy


You had 7 spell levels left.
You knew the following spells:

 Your Spells              Type           Power        Failure   Level  Hunger
a - Pain                  Necr           ###.         1%          1    None


Dungeon Overview and Level Annotations

Branches:
Dungeon (2/15)

Altars:
Xom


Message History

Confirm with . or Enter, or press ? or * to list all spells.
You can't see any susceptible monsters within range! (Use Z to cast anyway.)
i - 3 scrolls labeled VANOIQ HAXZAN {!r} (gained 1)
An adder comes into view.
A goblin comes into view. It is wielding a dagger.
Casting: Pain
Confirm with . or Enter, or press ? or * to list all spells.
Aiming: Pain
Press: ? - help, Shift-Dir - straight line, f - adder
Aim: an adder (hasn't noticed you, chance to defeat MR: 86%)
The adder barely resists.
The goblin shouts!
The adder barely misses you. The adder closely misses you.
There are monsters nearby!
You hit the adder.
The adder is lightly wounded.
The adder bites you but does no damage.
Casting: Pain
Confirm with . or Enter, or press ? or * to list all spells.
Aiming: Pain
Press: ? - help, Shift-Dir - straight line, f/p - adder
Aim: an adder (lightly wounded, chance to defeat MR: 86%)
The adder writhes in agony!
The adder bites you.
* * * LOW HITPOINT WARNING * * *
You are lethally poisoned!
The adder poisons you!
Casting: Pain
Confirm with . or Enter, or press ? or * to list all spells.
Aiming: Pain
Press: ? - help, Shift-Dir - straight line, f/p - adder
Aim: an adder (heavily wounded, chance to defeat MR: 86%)
The adder writhes in agony!
* * * LOW HITPOINT WARNING * * *
You feel sick. The adder bites you.
* * * LOW HITPOINT WARNING * * *
The adder closely misses you.
Unknown command.
Casting: Pain
Confirm with . or Enter, or press ? or * to list all spells.
Aiming: Pain
Press: ? - help, Shift-Dir - straight line, f/p - adder
Aim: an adder (heavily wounded, chance to defeat MR: 86%)
The adder writhes in agony!
You kill the adder!
Training target 2.4 for Fighting reached!
You need to enable at least one skill for training.
You have reached level 3!
Your experience leads to an increase in your attributes!
Increase (S)trength, (I)ntelligence, or (D)exterity?
You feel clever.
Really quaff
h - 2 black potions {!q}?
It was a potion of resistance {!q}.
You feel protected.
* * * LOW HITPOINT WARNING * * *
You feel sick.
Casting: Pain
Confirm with . or Enter, or press ? or * to list all spells.
Aiming: Pain
Press: ? - help, Shift-Dir - straight line, f - goblin
Aim: a goblin, wielding a dagger (chance to defeat MR: 91%)
The goblin writhes in agony!
You kill the goblin!
Unknown command.
You die...

...# ..# ..# ... #
#.# #. #.# ###
#####.##†# #####..
.......).### .......
.......@...# #####<.
.####.####.# ..# ###
.. #.##..# ##
###.##..# #.......#
######
#.###.###...####.....
#.....# #........####
#####.###.....)###
#......###.#


There were no monsters in sight!

Vanquished Creatures
  An adder (D:2)
  2 dart slugs (D:1)
  4 bats
  3 giant cockroaches
  2 goblins
  3 hobgoblins
  2 jackals (D:1)
  2 kobolds
  2 frilled lizards (D:1)
  4 rats (D:1)
25 creatures vanquished.

Notes
Turn   | Place    | Note
-------+----------+-------------------------------------------
     0 | D:1      | Amnesiac the Deep Elf Necromancer began the quest for the Orb.
     0 | D:1      | Reached XP level 1. HP: 10/10 MP: 6/6
   393 | D:1      | Reached skill level 1 in Fighting
   532 | D:1      | Reached XP level 2. HP: 11/16 MP: 6/8
  1037 | D:1      | Found a shimmering altar of Xom.
  1188 | D:2      | Reached XP level 3. HP: 4/22 MP: 4/9
  1191 | D:2      | Succumbed to an adder's poison

Vault maps used:
D:1:      dpeg_arrival_water_altar
D:2:      first_bread, uniq_jessica

Skill      XL: |  1  2 |
---------------+-------+-----
Fighting       | 1 2 |  2.4
Dodging        | |  2.4
Stealth        | |  2.4
Spellcasting   | |  3.0
Necromancy     | |  4.8

Action                   || total
-------------------------++-------
Melee: Unarmed           ||     8
 Cast: Pain              ||    42
  Use: Potion            ||     1
  Eat: Chunk             ||     1
Armor: Robe              ||     4
Dodge: Dodged            ||    21

Table legend:
 A = Spawn XP
 B = Non-spawn XP
 C = Spawn XP percentage of total XP
 D = Spawn monster count
 E = Non-spawn monster count
 F = Spawn count percentage of total count
 G = Total turns spent on level
                    A         B        C        D         E        F      G
               +---------+---------+-------+---------+---------+-------+---------
         Total |       0 |      56 |   0.0 |       0 |      25 |   0.0 |  1191
               +---------+---------+-------+---------+---------+-------+---------
           D:1 |       0 |      34 |   0.0 |       0 |      19 |   0.0 |  1049
           D:2 |       0 |      22 |   0.0 |       0 |       6 |   0.0 |   142
               +---------+---------+-------+---------+---------+-------+---------
